 Dungeon Crawl Stone Soup version 0.31.0-11-ge490571c62 (webtiles) character file.

Game seed: 17131242757480992115

289 browni3141 the Trooper (level 6, -1/51 HPs)
             Began as a Barachi Monk on Feb 1, 2024.
             Was a Believer of Kikubaaqudgha.
             Slain by an adder (2 damage)
             ... on level 4 of the Dungeon.
             The game lasted 00:04:30 (689 turns).

browni3141 the Trooper (Barachi Monk)                Turns: 689, Time: 00:04:31

Health: -1/51      AC:  2    Str: 13    XL:     6   Next: 31%
Magic:  7/7        EV: 14    Int: 12    God:    Kikubaaqudgha [**....]
Gold:   94         SH:  0    Dex: 14    Spells: 1/7 levels left

rFire   . . .        a - +0 falchion
rCold   . . .        d - orb {light}
rNeg    . . .        b - +0 robe
rPois   .            (no helmet)
rElec   .            (no cloak)
rCorr   .            (no gloves)
SInv    .            (no boots)
Will    .....        (no amulet)
Stlth   +            (no ring)
HPRegen 0.28/turn    (no ring)
MPRegen 0.10/turn

%: no passive effects
@: glowing, slow
A: amphibious, slowness 1, strong legs 1, +LOS
a: Hop, Renounce Religion, Unearth Wretches


You were on level 4 of the Dungeon.
You worshipped Kikubaaqudgha.
Kikubaaqudgha was pleased with you.
You visited 2 branches of the dungeon, and saw 6 of its levels.

You collected 94 gold pieces.

Inventory:

Hand Weapons
 a - a +0 falchion (weapon)
Missiles
 l - 6 poisoned darts
Armour
 b - a +0 robe (worn)
 d - an orb of light (worn)
Jewellery
 h - a ring of resist corrosion
Scrolls
 f - a scroll of identify {unknown}
 g - 2 scrolls of revelation {unknown}
 j - a scroll of fear {unknown}
 k - a scroll of poison {unknown}
Potions
 m - a potion of enlightenment


   Skills:
 - Level 5.3 Fighting
 - Level 5.3 Long Blades
 - Level 4.7 Dodging
 - Level 1.1 Spellcasting
 * Level 1.6 Necromancy


You had one spell level left.
You knew the following spells:

 Your Spells              Type           Power      Damage    Failure   Level
a - Fugue of the Fallen   Necr           4%         N/A       41%         3
b - Vampiric Draining     Necr           4%         2d6       41%         3

Your spell library contained the following spells:

 Spells                   Type           Power      Damage    Failure   Level
 Necrotise                Necr           16%        1d4       16%         1
 Kiss of Death            Conj/Necr      8%         2d6       22%         1
 Cigotuvi's Dreadful Rot  Necr/Alch/Air  4%         N/A       34%         2
 Ensorcelled Hibernation  Hex/Ice        0%         N/A       41%         2
 Anguish                  Hex/Necr       1%         N/A       91%         4
 Martyr's Knell           Necr/Summ      2%         N/A       91%         4
 Curse of Agony           Necr           4%         N/A       99%         5


Dungeon Overview and Level Annotations

Branches:
Dungeon (5/15)             Temple (1/1) D:4

Altars:
Ashenzari
Cheibriados
Elyvilon
Gozag
Kikubaaqudgha
Nemelex Xobeh
Qazlal
Sif Muna
Uskayaw
Wu Jian
Xom
Zin
The Shining One

Annotations:
D:5 Blork the orc


Innate Abilities, Weirdness & Mutations

You are amphibious.
You cover ground slowly.
You can hop short distances.
You have an extended range of vision and can be seen from far away.


Message History

You hit the hobgoblin.
The hobgoblin is moderately wounded.
The hobgoblin hits you.
Casting: Fugue of the Fallen (quite dangerous; 69% risk of failure)
Confirm with . or Enter, or press ? or * to list all spells.
Okay, then.
You hit the hobgoblin.
You kill the hobgoblin!
Kikubaaqudgha accepts your kill.
You hit the iguana but do no damage. The iguana closely misses you.
You hit the iguana.
The iguana is heavily wounded.
The iguana bites you!
You hit the iguana but do no damage.
The iguana is heavily wounded.
The iguana bites you!
Aiming: Quicksilver Bolt
Press: ? - help, Shift-Dir - straight line, f - iguana
Aim: an iguana (heavily wounded, haloed, 83% to hit)
The bolt of dispelling energy hits the iguana!
You kill the iguana!
Kikubaaqudgha accepts your kill.
The now-empty wand crumbles to dust.
You have reached level 6!
Things that are here:
2 stones; a hobgoblin corpse You slash the scorpion!
The scorpion is heavily wounded.
The scorpion stings you.
You hit the scorpion.
The scorpion is severely wounded.
The scorpion completely misses you.
You hit the scorpion.
The scorpion is almost dead.
The scorpion stings you but does no damage.
You slash the scorpion!
You kill the scorpion!
Kikubaaqudgha accepts your kill.
Your Spellcasting skill increases to level 1!
Your Necromancy skill increases to level 1!
This spell is quite dangerous to cast!
You start memorising the spell.
You continue memorising. x2
Magic restored.
You continue memorising.
You finish memorising.
Spell assigned to 'b'.
Casting: Fugue of the Fallen (quite dangerous; 43% risk of failure)
Confirm with . or Enter, or press ? or * to list all spells.
Okay, then.
Found a bubbling blue potion.
Found a stone staircase leading down.
An iguana comes into view.
The iguana hisses angrily.
A dart slug and a kobold come into view.
The kobold shouts!
An orc wizard comes into view. It is wielding a +0 dagger.
There is a stone staircase leading down here.
You climb downwards.
Level annotation: Blork the orc
There is a stone staircase leading up here.
An adder comes into view.
A two-headed ogre comes into view.
It is wielding a +0 giant club and a +0 giant spiked club.
The two-headed ogre shouts in stereo!
You hit the jackal.
You kill the jackal!
Kikubaaqudgha accepts your kill. The jackal closely misses you.
You hit the jackal.
You kill the jackal!
Kikubaaqudgha accepts your kill. The jackal closely misses you.
The orc shouts!
You hit the jackal.
The jackal is heavily wounded.
The jackal misses you.
You barely miss the jackal.
The jackal is heavily wounded.
Blork the orc shouts!
The jackal barely misses you. The jackal completely misses you.
You slash the adder!
The adder is heavily wounded.
The jackal bites you but does no damage.
The adder closely misses you.
You barely miss the adder.
The adder is heavily wounded.
The jackal closely misses you. The adder bites you but does no damage.
The jackal bites you. The adder bites you.
You are poisoned.
The adder poisons you! The jackal closely misses you. The adder misses you.
You climb upwards.
You feel sick. The kobold closely misses you. The iguana bites you.
The kobold completely misses you. The iguana bites you.
There is a stone staircase leading down here.
You feel sick. The jackal attacks as it pursues you! The jackal bites you.
The adder bites you. The orc wizard casts a spell at you.
The puff of flame hits you! The jackal misses you.
You feel sick.
You are no longer poisoned.
The adder bites you.
You die...
Kikubaaqudgha rasps: "You have failed me!
Welcome... death!"

....................
.#.................
.#...........!w.. #.
=#.............# .?
...............######'##.
........##..#..#.........
.....##........#.........
#####....................
..............hS@.###'
#...#.#.###.#lK.#........
#...#.#.....#...#.######.
#...#.#..####......
...####..# .....#.#.
...#E##..###....#.#.#
...###..........#.. .
......#..............#
._.......o.###.##.#..#


You could see an iguana, an orc wizard, an adder, a jackal and a kobold.

Vanquished Creatures
  A black bear (D:4)
  An ice beast (D:4)
  A scorpion (D:4)
  An iguana (D:4)
  2 adders
  An orc (D:3)
  An endoplasm (D:4)
  4 hobgoblins
  2 jackals (D:5)
  A kobold (D:4)
  2 goblins
  A rat (D:3)
18 creatures vanquished.

Notes
Turn   | Place    | Note
-------+----------+-------------------------------------------
     0 | D:1      | browni3141 the Barachi Monk began the quest for the Orb.
     0 | D:1      | Reached XP level 1. HP: 18/18 MP: 1/1
   177 | D:3      | Reached XP level 2. HP: 21/25 MP: 2/2
   197 | D:4      | Noticed a fire elemental
   197 | D:4      | Noticed a water elemental
   197 | D:4      | Noticed an air elemental
   197 | D:4      | Noticed an earth elemental
   197 | D:4      | Found a stormy altar of Qazlal.
   199 | D:4      | Noticed an ice beast
   205 | D:4      | Killed an ice beast
   206 | D:4      | Reached XP level 3. HP: 8/31 MP: 3/3
   206 | D:4      | Reached XP level 4. HP: 10/38 MP: 4/4
   208 | D:4      | Noticed a scorpion
   259 | D:4      | Found a staircase to the Ecumenical Temple.
   270 | Temple   | Entered the Ecumenical Temple
   289 | Temple   | Became a worshipper of Kikubaaqudgha
   289 | Temple   | Reached * piety under Kikubaaqudgha
   289 | Temple   | Received a gift from Kikubaaqudgha
   289 | Temple   | Reached ** piety under Kikubaaqudgha
   294 | Temple   | Learned a level 3 spell: Fugue of the Fallen
   347 | D:4      | Noticed a black bear
   514 | D:4      | Killed a black bear
   515 | D:4      | Reached skill level 5 in Fighting
   515 | D:4      | Reached skill level 5 in Long Blades
   515 | D:4      | Reached XP level 5. HP: 3/44 MP: 5/5
   598 | D:5      | Entered Level 5 of the Dungeon
   599 | D:5      | Noticed Blork the orc
   599 | D:5      | Noticed a centaur
   631 | D:4      | Reached XP level 6. HP: 9/51 MP: 6/6
   656 | D:4      | Reached skill level 1 in Spellcasting
   656 | D:4      | Reached skill level 1 in Necromancy
   666 | D:4      | Learned a level 3 spell: Vampiric Draining
   679 | D:5      | Noticed a two-headed ogre
   688 | D:4      | HP: 2/51 [orc wizard/puff of flame (11)]
   689 | D:4      | Slain by an adder

Illustrated notes

Levels and vault maps discovered:
D:1:      scummos_arrival_simple_crosswalls, layout_basic
D:2:      layout_basic, uniq_terence
D:3:      layout_loops_corners, bh_walls_and_bars
D:4:      layout_basic, nicolae_overflow_hidden_temple,
          nicolae_qazlal_style_of_elements, temple_pool_b
D:5:      layout_rooms, lemuel_round_altar, gammafunk_temple_overflow_elements,
          minmay_misc_feat_x, uniq_blork_the_orc
Temple:   nicolae_temple_slightly_damp_pantheon

Skill      XL: |  1  2  3  4  5  6 |
---------------+-------------------+-----
Fighting       | 4 5 |  5.3
Long Blades    | 4 5 |  5.3
Dodging        | 4 |  4.7
Spellcasting   | 1 |  1.1
Necromancy     | 1 |  1.6

Action                     |  1- 3 |  4- 6 || total
---------------------------+-------+-------++-------
  Melee: Falchion          |    13 |    44 ||    57
Ability: Hop               |     2 |       ||     2
  Evoke: Wand              |     1 |     2 ||     3
    Use: Potion            |       |     2 ||     2
 Armour: Robe              |     6 |    54 ||    60
  Dodge: Dodged            |     6 |    40 ||    46
